 Dungeon Crawl Stone Soup version 0.31-a0-1458-g2f8d4710b4 (webtiles) character file.

Game seed: 12986455927526326499

1388 Ge0ff the Firebug (level 8, -4/81 HPs)
             Began as a Vampire Fire Elementalist on Dec 28, 2023.
             Was a Priest of Sif Muna.
             Slain by a yak (8 damage)
             ... on level 5 of the Dungeon.
             The game lasted 00:10:09 (5210 turns).

Ge0ff the Firebug (Vampire Fire Elementalist)       Turns: 5210, Time: 00:10:10

Health: -4/81      AC: 24    Str:  7    XL:     8   Next: 40%
Magic:  4/14       EV:  2    Int: 19    God:    Sif Muna [***...]
Gold:   338        SH:  0    Dex: 15    Spells: 11/15 levels left

rFire   . . .        a - +4 dagger (venom)
rCold   . . .        (no shield)
rNeg    . . .        Q - melded +0 robe
rPois   +            (helmet currently unavailable)
rElec   .            (cloak currently unavailable)
rCorr   .            (gloves currently unavailable)
SInv    +            S - melded +0 pair of boots
Will    .....        P - amulet of magic regeneration
Stlth   ++           W - ring of wizardry
HPRegen 0.53/turn    (no ring)
MPRegen 0.54/turn

%: wizardry (x1)
@: tree-form, healing quickly, invisible
A: stationary, stasis, torment immunity, boosted hp, alive, (fangs 3), see
invisible, vampiric 2
a: Exsanguinate, Renounce Religion, Channel Magic, Forget Spell


You were on level 5 of the Dungeon.
You worshipped Sif Muna.
Sif Muna was most pleased with you.
You were a tree.
You visited 2 branches of the dungeon, and saw 6 of its levels.

You collected 338 gold pieces.

Inventory:

Hand Weapons
 a - a +4 dagger of venom (weapon)
 b - a +1 rapier of chaos
Missiles
 F - 2 poisoned darts
 R - 50 stones
Armour
 Q - a +0 robe (melded)
 S - a +0 pair of boots (melded)
Jewellery
 N - an amulet of the acrobat
 P - an amulet of magic regeneration (around neck)
 W - a ring of wizardry (left branch)
Wands
 f - a wand of flame (8)
 r - a wand of roots (6)
Scrolls
 m - 2 scrolls of revelation
 E - 2 scrolls of fear {unknown}
 G - a scroll of blinking {unknown}
 J - a scroll of vulnerability {unknown}
 M - 3 scrolls of amnesia
 O - a scroll of noise {unknown}
 U - 3 scrolls of teleportation {unknown}
Potions
 H - a potion of haste {unknown}
 I - 2 potions of invisibility
 K - 2 potions of magic {!q}
 L - 2 potions of lignification
 T - 2 potions of heal wounds {unknown}
 V - 2 potions of might {unknown}
 X - 2 potions of enlightenment {unknown}
 Y - 2 potions of resistance {unknown}
 Z - a potion of curing {unknown}


   Skills:
 - Level 1.0 Fighting
 - Level 3.0 Short Blades
 - Level 2.1 Dodging
 - Level 3.0 Stealth
 - Level 4.0 Spellcasting
 - Level 3.0 Conjurations
 + Level 1.9 Translocations
 * Level 6.1 Fire Magic
 - Level 3.0 Evocations


You had 11 spell levels left.
You knew the following spells:

 Your Spells              Type           Power      Damage    Failure   Level
g - Apportation           Tloc           22%        N/A       2%          1
s - Foxfire               Conj/Fire      84%        2x1d8     1%          1
C - Scorch                Fire           54%        2d7       1%          2

Your spell library contained the following spells:

 Spells                   Type           Power      Damage    Failure   Level
 Sting                    Conj/Alch      36%        1d5       3%          1
 Volatile Blastmotes      Fire/Tloc      38%        2d13      3%          3
 Inner Flame              Hex/Fire       15%        N/A       4%          3
 Necrotise                Necr           12%        1d4       6%          1
 Summon Small Mammal      Summ           12%        N/A       6%          1
 Flame Wave               Conj/Fire      21%        2d8       9%          4
 Vhi's Electric Charge    Tloc/Air       14%        N/A       34%         4
 Arcjolt                  Conj/Air       4%         1d14      58%         5
 Maxwell's Capacitive Co  Air            1%         ∞         100%        8


Dungeon Overview and Level Annotations

Branches:
Dungeon (5/15) Zot: 24795  Temple (1/1) D:4 Zot: 5998

Altars:
Gozag
Hepliaklqana
Kikubaaqudgha
Makhleb
Nemelex Xobeh
Okawaru
Qazlal
Ru
Sif Muna
Trog
Uskayaw
Vehumet
Xom
Yredelemnul

Shops:
D:4 (

Annotations:
D:5 2 runed translucent doors


Innate Abilities, Weirdness & Mutations

You are a tree.
Your roots penetrate the ground, keeping you stationary.
You cannot be teleported.
You are immune to unholy pain and torment.
Your maximum health is greatly increased.
Your equipment is partially melded.
Your natural rate of healing is accelerated.
((You have razor-sharp teeth.))
You have supernaturally acute eyesight. (SInv)
You are afflicted with vampirism and can become a bat while bloodless.


Message History

The steam dragon barely misses you.
Aiming: Fastroot
Press: ? - help, Shift-Dir - straight line, f - steam dragon
Aim: a steam dragon (steam, moderately wounded, more vulnerable to fire)
The roots erupt in riotous growth!
Roots grab the steam dragon.
The grasping roots constrict the steam dragon.
The steam dragon barely misses you. The steam dragon claws you.
* * * LOW HITPOINT WARNING * * *
It was a potion of lignification.
You turn into a tree.
Your +0 pair of boots melds into your body.
Your +0 robe melds into your body.
Your roots penetrate the ground.
L - 2 potions of lignification;
O - a scroll labelled HUOMIO GEHA The grasping roots constrict the steam dragon.
The yak is no longer more vulnerable to fire.
The steam dragon bites you but does no damage.
The steam dragon claws you but does no damage.
Casting: Scorch (safe; 1% risk of failure)
Confirm with . or Enter, or press ? or * to list all spells.
Flames lash the steam dragon.
The steam dragon is burned terribly!
The steam dragon is severely wounded.
The grasping roots constrict the steam dragon!
The roots release their grip on the steam dragon.
The steam dragon breathes steam at you. The ball of steam hits you!
* * * LOW HITPOINT WARNING * * *
Casting: Scorch (safe; 1% risk of failure)
Confirm with . or Enter, or press ? or * to list all spells.
Flames lash the steam dragon.
The steam dragon is burned terribly!
The steam dragon is almost dead.
You are engulfed in a cloud of scalding steam.
The steam dragon bites you but does no damage.
The steam dragon claws you.
* * * LOW HITPOINT WARNING * * *
Casting: Scorch (safe; 1% risk of failure)
Confirm with . or Enter, or press ? or * to list all spells.
Flames lash the steam dragon.
The steam dragon is burned terribly!
You kill the steam dragon!
Sif Muna accepts your kill.
You are engulfed in a cloud of scalding steam.
* * * LOW HITPOINT WARNING * * *
Your Fire Magic skill increases to level 6!
It was a potion of invisibility.
You fade into invisibility!
I - 2 potions of invisibility;
Z - a lumpy green potion You are engulfed in a cloud of scalding steam.
* * * LOW HITPOINT WARNING * * *
The yak is engulfed in a cloud of scalding steam.
The yak gores you!
You die...

#.##########...#..#
#.###........#.#..#
#.##..######...#..#
#.##.##8[?8##.##..###
##.##.#8....8#........
#.....'......+........
#.##..'......+..##....
#.###Y#8....8#..####..
##.###♣##8)|8##..###..#
#.......######.......##
#...###.# #)###..##
#..##)#.######...##.#
#..#.#.##[##.##.#.#.#
#..#.###..##.#.##.#.#
#..#.#..####.##%#.#.#
#..#.#.##.##..###.#.#
#..##....####....##.#


You could see a yak (unable to see you).

Vanquished Creatures
  Sigmund (D:4)
  A steam dragon (D:5)
  Menkaure (D:4)
  An orc warrior (D:5)
  An ogre (D:5)
  A centaur (D:5)
  2 scorpions (D:5)
  A vampire bat (D:3)
  A howler monkey (D:5)
  A jelly (D:5)
  A bombardier beetle (D:5)
  5 hounds (D:5)
  2 iguanas (D:5)
  A statue (D:5)
  5 adders
  5 worms
  2 dart slugs
  3 fire bats (D:3)
  An orc (D:5)
  2 spectral bats (D:3)
  10 ball pythons
  16 bats
  3 bat skeletons (D:3)
  A bat zombie (D:3)
  2 endoplasms (D:3)
  A giant cockroach (D:4)
  10 goblins
  3 hobgoblins
  9 jackals
  6 quokkas
  A bat simulacrum (D:3)
  6 frilled lizards
  6 kobolds
  2 rats
114 creatures vanquished.

Vanquished Creatures (others)
  257 foxfires
257 creatures vanquished.

Grand Total: 371 creatures vanquished

Notes
Turn   | Place    | Note
-------+----------+-------------------------------------------
     0 | D:1      | Ge0ff the Vampire Fire Elementalist began the quest for the
                  | Orb.
     0 | D:1      | Reached XP level 1. HP: 13/13 MP: 3/3
    40 | D:1      | You fall into a shaft and drop 1 floor!
   388 | D:1      | Reached XP level 2. HP: 20/20 MP: 5/5
   563 | D:1      | Reached skill level 1 in Conjurations
   902 | D:1      | Found a faded altar of an unknown god.
   912 | D:1      | Prayed at the altar of an unknown god.
   912 | D:1      | Became a worshipper of Sif Muna the Loreminder
   912 | D:1      | Reached * piety under Sif Muna
   951 | D:1      | Gained mutation: You are afflicted with vampirism and can
                  | become a bat while bloodless. [Vampire growth]
   951 | D:1      | Reached XP level 3. HP: 23/25 MP: 2/6
  1162 | D:2      | Reached skill level 1 in Fighting
  1196 | D:2      | Learned a level 2 spell: Scorch
  1282 | D:2      | Reached skill level 3 in Fire Magic
  2078 | D:3      | Reached XP level 4. HP: 32/32 MP: 5/7
  2139 | D:3      | Reached ** piety under Sif Muna
  2289 | D:3      | Found a basalt altar of Yredelemnul.
  2489 | D:3      | Found a sparkling altar of Nemelex Xobeh.
  2489 | D:3      | Found a hide-covered altar of Uskayaw.
  2718 | D:3      | Reached skill level 1 in Evocations
  2718 | D:3      | Reached XP level 5. HP: 37/37 MP: 4/9
  2771 | D:3      | Reached *** piety under Sif Muna
  3105 | D:4      | Noticed Menkaure
  3111 | D:4      | Killed Menkaure
  3112 | D:4      | Reached skill level 1 in Short Blades
  3112 | D:4      | Reached skill level 4 in Fire Magic
  3112 | D:4      | Reached XP level 6. HP: 33/43 MP: 6/11
  3248 | D:4      | Found a large runed translucent door.
  3248 | D:4      | Found a large runed translucent door.
  3253 | D:4      | Found a shimmering altar of Xom.
  3363 | D:4      | Found Harir's Weapon Emporium.
  3583 | D:4      | Noticed Sigmund
  3591 | D:4      | Killed Sigmund
  3592 | D:4      | Reached XP level 7. HP: 45/48 MP: 5/12
  3716 | D:4      | Found a stormy altar of Qazlal.
  3769 | D:4      | Found a staircase to the Ecumenical Temple.
  3777 | Temple   | Entered the Ecumenical Temple
  3837 | D:4      | Found a burning altar of Makhleb.
  3952 | D:5      | Entered Level 5 of the Dungeon
  4208 | D:5      | Found a shimmering altar of Xom.
  4417 | D:5      | Found a radiant altar of Vehumet.
  4721 | D:5      | Found a large runed translucent door.
  4723 | D:5      | Found a large runed translucent door.
  4725 | D:5      | Noticed a steam dragon
  4726 | D:5      | Noticed a yak
  4733 | D:5      | Found a large runed translucent door.
  4733 | D:5      | Found a large runed translucent door.
  4769 | D:5      | Learned a level 1 spell: Apportation
  4930 | D:5      | Reached skill level 5 in Fire Magic
  4982 | D:5      | Reached XP level 8. HP: 54/54 MP: 9/14
  5073 | D:5      | Reached skill level 1 in Translocations
  5210 | D:5      | Reached skill level 6 in Fire Magic
  5210 | D:5      | HP: 3/81 [something (2)]
  5210 | D:5      | Slain by a yak

Illustrated notes

Levels and vault maps discovered:
D:1:      giann_wishing_wells, layout_basic,
          chequers_ecumenical_altar_simple_redux
D:2:      layout_basic
D:3:      layout_loops_ring, jmf_multi_god_temple, lemuel_round_altar,
          goddamned_bats
D:4:      due_chaos_kobolds, layout_basic, lemuel_coloured_pillars_altar,
          kennysheep_little_box, minmay_temple_entry_fiery, serial_shops,
          nicolae_shop_trees, minmay_diced_spiral, uniq_sigmund, uniq_menkaure
D:5:      layout_basic, vehumet_statue, mainiacjoe_overflow_alcove_4,
          grunt_ministairs_5, minmay_hollow_rounded_squares
Temple:   hellmonk_temple_beads

Skill      XL: |  1  2  3  4  5  6  7  8 |
---------------+-------------------------+-----
Conjurations   | 1 2 3 |  3.0
Fighting       | 1 |  1.0
Fire Magic     | 3 4 5 6 |  6.1
Evocations     | 1 2 3 |  3.0
Spellcasting   | 3 4 |  4.0
Short Blades   | 1 2 3 |  3.0
Translocations | 1 |  1.9
Dodging        | |  2.1
Stealth        | |  3.0

Action                     |  1- 3 |  4- 6 |  7- 9 || total
---------------------------+-------+-------+-------++-------
  Melee: Dagger            |    10 |    28 |    22 ||    60
         Unarmed           |     1 |       |       ||     1
         Bite              |       |     3 |     7 ||    10
         Punch             |       |       |     1 ||     1
   Cast: Foxfire           |    63 |    53 |    39 ||   155
         Scorch            |     4 |    24 |    57 ||    85
  Evoke: Wand              |       |     1 |     3 ||     4
    Use: Scroll            |       |     3 |     3 ||     6
         Potion            |       |       |     2 ||     2
   Stab: Sleeping          |     1 |       |       ||     1
 Armour: Robe              |    15 |    44 |    26 ||    85
         Skin              |       |       |     9 ||     9
  Dodge: Dodged            |    16 |    51 |    25 ||    92

Table legend: (Time is in decaauts)
 A = Elapsed time spent in this place.
 B = Non-inter-level travel time spent in this place.
 C = Inter-level travel time spent in this place.
 D = Time resting spent in this place.
 E = Time spent auto-exploring this place.
 F = Levels seen in this place.
 G = Mean time per level.
                   A        B        C        D        E       F      G
               +--------+--------+--------+--------+--------+-----+--------+
         Total |   5205 |   4906 |    299 |     70 |   3995 |   6 |  867.5 |
       Dungeon |   5203 |   4904 |    299 |     70 |   3995 |   5 | 1040.6 |
        Temple |      1 |      1 |      0 |      0 |      0 |   1 |    1.0 |
               +--------+--------+--------+--------+--------+-----+--------+

Top non-repeatable levels by time:
     D:5: 1219 daAuts
     D:2: 1075 daAuts
     D:3: 989 daAuts
     D:4: 979 daAuts
     D:1: 940 daAuts
  Temple: 1 daAuts
